 Dungeon Crawl Stone Soup version 0.31-a0-1172-g9944ec47dd (webtiles) character file.

Game seed: 8413777663227983967

162 bmb222 the Trooper (level 5, -3/41 HPs)
             Began as a Demonspawn Fighter on Dec 10, 2023.
             Slain by an ice beast (11 damage)
             ... on level 4 of the Dungeon.
             The game lasted 00:01:55 (2962 turns).

bmb222 the Trooper (Demonspawn Fighter)             Turns: 2962, Time: 00:01:56

Health: -3/41      AC: 12    Str: 18    XL:     5   Next: 19%
Magic:  5/5        EV:  7    Int:  9    God:
Gold:   125        SH:  4    Dex: 12    Spells: 4/4 levels left

rFire   . . .        a - +0 flail
rCold   . . .        c - +0 buckler
rNeg    . . .        i - +0 chain mail
rPois   +            (no helmet)
rElec   .            h - +0 cloak
rCorr   .            (no gloves)
SInv    .            (no boots)
Will    .....        (no amulet) Stlth
                     e - ring of poison resistance
HPRegen 0.26/turn    (no ring)
MPRegen 0.09/turn

%: no passive effects
@: no status effects
A: icy blue scales 1, powered by death 1
a: no special abilities


You were on level 4 of the Dungeon.
You visited 1 branch of the dungeon, and saw 4 of its levels.

You collected 125 gold pieces.

Inventory:

Hand Weapons
 a - a +0 flail (weapon)
Armour
 b - a +0 scale mail
 c - a +0 buckler (worn)
 h - a +0 cloak (worn)
 i - a +0 chain mail (worn)
Jewellery
 e - a ring of poison resistance (left hand)
 g - a ring of wizardry
 j - a ring of resist corrosion
Wands
 p - a wand of polymorph (9)
Scrolls
 f - 2 scrolls of poison {unknown}
 k - a scroll of vulnerability {unknown}
 l - a scroll of enchant armour {unknown}
 m - a scroll of enchant weapon {unknown}
 n - a scroll of immolation {unknown}
 o - a scroll of fog {unknown}
 q - a scroll of amnesia {unknown}
Potions
 d - a potion of might


   Skills:
 + Level 3.6 Fighting
 + Level 3.5 Maces & Flails
 + Level 3.5 Armour
 + Level 0.3 Dodging
 + Level 3.1 Shields


You had 4 spell levels left.
You didn't know any spells.
Your spell library contained the following spells:

 Spells                   Type           Power      Damage    Failure   Level
 Apportation              Tloc           0%         N/A       99%         1
 Necrotise                Necr           0%         1d4       99%         1
 Summon Small Mammal      Summ           0%         N/A       99%         1
 Blink                    Tloc           0%         N/A       100%        2
 Jinxbite                 Hex            0%         N/A       100%        2
 Manifold Assault         Tloc           0%         N/A       100%        4
 Alistair's Intoxication  Tmut/Pois      0%         N/A       100%        5


Dungeon Overview and Level Annotations

Branches:
Dungeon (4/15)
 Temple: D:4-7

Altars:
Fedhas
Hepliaklqana
Nemelex Xobeh
Okawaru


Innate Abilities, Weirdness & Mutations

You are partially covered in icy blue scales. (AC +2)
You regenerate a little health from kills.


Message History

The ice beast completely misses you. The orc hits you with a +0 flail.
You hit the ice beast.
The ice beast is almost dead.
The ice beast hits you but does no damage.
The orc hits you with a +0 flail.
The kobold hits you with a +0 short sword.
You are too injured to fight recklessly!
You are too injured to fight recklessly!
You are too injured to fight recklessly!
You are too injured to fight recklessly!
You closely miss the ice beast.
The ice beast is almost dead.
You block the ice beast's attack. The orc hits you but does no damage.
The kobold hits you but does no damage. The orc hits you but does no damage.
The kobold hits you but does no damage.
The ice beast hits you but does no damage.
You hit the ice beast but do no damage.
The ice beast is almost dead.
The ice beast hits you but does no damage.
The orc hits you but does no damage. The kobold hits you but does no damage.
You closely miss the ice beast.
The ice beast is almost dead.
The ice beast hits you. The ice beast freezes you.
The orc hits you with a +0 flail.
* * * LOW HITPOINT WARNING * * *
You block the kobold's attack.
You completely miss the ice beast.
The ice beast is almost dead.
The ice beast hits you but does no damage.
The orc barely misses you. The kobold hits you but does no damage.
Unknown command.
Unknown command.
You hit the ice beast.
The ice beast is almost dead.
The ice beast hits you but does no damage.
The orc hits you but does no damage. The kobold hits you but does no damage.
The ice beast hits you.
* * * LOW HITPOINT WARNING * * *
The ice beast freezes you!
You die...

..................#..
.....................
....................
..................#
...............#..#
.................##
........†.........#
......oK.....##..%#
.......@....####..#
#.....Y....## #..#
...........# #..#
###.......## #..#
#......## #..#
###...## #..# # ##.##
##.## ## #. #..# #.
#..# ##.


You could see an ice beast, an orc and a kobold.

Vanquished Creatures
  An orc priest (D:3)
  6 adders
  2 worms
  3 dart slugs
  4 orcs
  7 endoplasms
  3 giant cockroaches
  2 goblins
  A hobgoblin (D:2)
  6 jackals
  4 ball pythons (D:2)
  3 bats
  5 frilled lizards
  11 kobolds
  12 rats
70 creatures vanquished.

Notes
Turn   | Place    | Note
-------+----------+-------------------------------------------
     0 | D:1      | bmb222 the Demonspawn Fighter began the quest for the Orb.
     0 | D:1      | Reached XP level 1. HP: 18/18 MP: 1/1
   225 | D:1      | Gained mutation: You regenerate a little health from kills.
                  | [demonic ancestry]
   225 | D:1      | Reached XP level 2. HP: 9/24 MP: 2/2
  1474 | D:2      | Reached XP level 3. HP: 29/29 MP: 3/3
  2172 | D:3      | Reached XP level 4. HP: 35/35 MP: 4/4
  2353 | D:3      | Found a blossoming altar of Fedhas.
  2524 | D:3      | Gained mutation: You are partially covered in icy blue
                  | scales. (AC +2) [demonic ancestry]
  2524 | D:3      | Reached XP level 5. HP: 41/41 MP: 5/5
  2622 | D:3      | Found a sparkling altar of Nemelex Xobeh.
  2912 | D:4      | Found an iron altar of Okawaru.
  2912 | D:4      | Found a hazy altar of Hepliaklqana.
  2948 | D:4      | Noticed an ice beast
  2962 | D:4      | Slain by an ice beast

Illustrated notes

Levels and vault maps discovered:
D:1:      dpeg_arrival_boxes_within_box, layout_basic, lexackson_kobold_supper
D:2:      layout_loops_ring, minmay_rat_gold_closets
D:3:      layout_loops_ring, nemelex_spade_bored_becter,
          nicolae_overflow_hidden_temple
D:4:      layout_cave_pods, gammafunk_temple_overflow_pools, temple_pool_b

Skill      XL: |  1  2  3  4 |
---------------+-------------+-----
Maces & Flails | 2 3 |  3.5
Armour         | 3 |  3.5
Shields        | 3 |  3.1
Fighting       | |  3.6
Dodging        | |  0.3

Action                     |  1- 3 |  4- 6 || total
---------------------------+-------+-------++-------
  Melee: Flail             |   135 |    73 ||   208
 Armour: Scale mail        |    15 |       ||    15
         Chain mail        |   106 |    74 ||   180
  Dodge: Dodged            |    45 |    27 ||    72
  Block: Buckler           |    43 |    22 ||    65

Table legend: (Time is in decaauts)
 A = Elapsed time spent in this place.
 B = Non-inter-level travel time spent in this place.
 C = Inter-level travel time spent in this place.
 D = Time resting spent in this place.
 E = Time spent auto-exploring this place.
 F = Levels seen in this place.
 G = Mean time per level.
                   A        B        C        D        E       F      G
               +--------+--------+--------+--------+--------+-----+--------+
         Total |   3024 |   2743 |    281 |     32 |   2232 |   4 |  756.0 |
       Dungeon |   3024 |   2743 |    281 |     32 |   2232 |   4 |  756.0 |
               +--------+--------+--------+--------+--------+-----+--------+

Top non-repeatable levels by time:
     D:1: 1483 daAuts
     D:2: 739 daAuts
     D:3: 721 daAuts
     D:4: 80 daAuts
